 Dungeon Crawl Stone Soup version 0.30-a0-870-gc5d4c5acee (webtiles) character file.

Game seed: 10331286251983864499

1553649 bakla the Meteorologist (level 27, 203/203 HPs)
             Began as an Octopode Conjurer on Mar 11, 2023.
             Was the Champion of Vehumet.
             Escaped with the Orb
             ... and 3 runes on Mar 12, 2023!
             The game lasted 04:01:10 (83519 turns).

bakla the Meteorologist (Octopode Conjurer)        Turns: 83519, Time: 04:01:10

Health: 203/203    AC:  1    Str:  5    XL:     27
Magic:  42/42      EV: 26    Int: 56    God:    Vehumet [******]
Gold:   328        SH:  0    Dex: 18    Spells: 12/56 levels left

rFire   + + .      SeeInvis +    B - staff of air
rCold   + . .      Faith    .    (no shield)
rNeg    + + .      Spirit   .    (helmet restricted)
rPois   .          Reflect  .    b - amulet of Vitality {RegenMP++ Regen++}
rElec   +          Rampage  .    U - +6 ring of intelligence
rCorr   +                        J - ring "Gozuv Boo" {rN+ Will+ Int+4 Dex-3 Stlth+}
Will    +++++                    H - ring of Segremau {rC+ Will++ Str-3 Int+4}
Stlth   ++                       C - ring of the Invisible Hand {rF+ rN+ rCorr Dex+2 SInv}
HPRegen 2.13/turn                u - ring "Uvugotan" {rF+ Slay+5}
MPRegen 1.08/turn                R - +6 ring of dexterity
                                 Z - +6 ring of intelligence
                                 V - +6 ring of intelligence

@: studying 2 skills
A: almost no armour, amphibious, 8 rings, camouflage 1, gelatinous body 1,
(nimble swimmer 1), tentacles, tentacle spike 1, mutation resistance 1,
screaming 1, electricity resistance
0: Orb of Zot
}: 3/15 runes: decaying, silver, gossamer
a: Renounce Religion


You escaped.
You worshipped Vehumet.
Vehumet was exalted by your worship.
You visited 11 branches of the dungeon, and saw 51 of its levels.
You also visited: Wizlab.

You collected 7678 gold pieces.
You spent 7350 gold pieces at shops.

Inventory:

Hand Weapons
 r - the +7 spear "Plojy" {protect, rPois Str-3 Int+6}
   (You found it on level 1 of the Elven Halls)

   Str:       It affects your strength (-3).
   Int:       It affects your intelligence (+6).
   rPois:     It protects you from poison.
Missiles
 K - 10 curare-tipped darts
Armour
 k - an orb of mayhem
Magical Staves
 B - a staff of air (weapon)
Jewellery
 b - the amulet of Vitality (around mantle) {RegenMP++ Regen++}
   (You bought it in a shop on level 4 of the Depths)

   [amulet of magic regeneration]

   It increases your rate of magic regeneration.
   Regen:     It increases your rate of health regeneration.
 u - the ring "Uvugotan" (on tentacle) {rF+ Slay+5}
   (You bought it in a shop on level 4 of the Depths)

   [ring of protection from fire]

   Slay:      It affects your accuracy & damage with ranged weapons and melee
   (+5).
   rF:        It protects you from fire.
 C - the ring of the Invisible Hand (on tentacle) {rF+ rN+ rCorr Dex+2 SInv}
   (You found it on level 3 of the Depths)

   [ring of see invisible]

   Dex:       It affects your dexterity (+2).
   rF:        It protects you from fire.
   rN:        It protects you from negative energy.
   SInv:      It lets you see invisible.
   rCorr:     It protects you from acid and corrosion.
 F - a ring of wizardry
 H - the ring of Segremau (on tentacle) {rC+ Will++ Str-3 Int+4}
   (You found it on level 5 of the Vaults)

   [ring of protection from cold]

   Str:       It affects your strength (-3).
   Int:       It affects your intelligence (+4).
   rC:        It protects you from cold.
   Will:      It greatly increases your willpower.
 J - the ring "Gozuv Boo" (right tentacle) {rN+ Will+ Int+4 Dex-3 Stlth+}
   (You bought it in a shop on level 4 of the Depths)

   [ring of willpower]

   Int:       It affects your intelligence (+4).
   Dex:       It affects your dexterity (-3).
   rN:        It protects you from negative energy.
   Will:      It increases your willpower.
   Stlth:     It makes you more stealthy.
 Q - a ring of willpower
 R - a +6 ring of dexterity (on tentacle)
 U - a +6 ring of intelligence (left tentacle)
 V - a +6 ring of intelligence (on tentacle)
 Y - the ring "Vewiq" {rC- Will+ Dex+8 Stlth+}
   (You took it off a deep elf high priest on level 5 of the Vaults)

   [ring of willpower]

   Dex:       It affects your dexterity (+8).
   rC:        It makes you vulnerable to cold.
   Will:      It increases your willpower.
   Stlth:     It makes you more stealthy.
 Z - a +6 ring of intelligence (on tentacle)
Wands
 d - a wand of acid (8)
 n - a wand of digging (4)
 q - a wand of roots (28)
 t - a wand of flame (80)
 x - a wand of paralysis (46)
 O - a wand of polymorph (18)
 W - a wand of mindburst (16)
Scrolls
 e - 12 scrolls of fog
 g - 12 scrolls of teleportation
 v - 6 scrolls of brand weapon
 w - 6 scrolls of fear
 y - 5 scrolls of butterflies
 A - 17 scrolls of enchant weapon
 D - 3 scrolls of magic mapping
 E - 10 scrolls of noise
 G - 6 scrolls of immolation
 L - 5 scrolls of blinking
 M - 3 scrolls of silence
 P - 5 scrolls of poison
 X - 5 scrolls of enchant armour
Potions
 a - a potion of haste
 c - 4 potions of magic
 f - 8 potions of might
 h - 9 potions of flight
 i - 11 potions of lignification
 j - 6 potions of resistance
 l - 13 potions of mutation
 m - 7 potions of ambrosia
 o - 2 potions of brilliance
 p - 12 potions of curing
 s - 5 potions of heal wounds
 z - 9 potions of cancellation
 N - 9 potions of attraction
 T - 4 potions of invisibility
Miscellaneous
 I - a condenser vane
 S - a phial of floods


   Skills:
 + Level 20.6 Fighting
 - Level 19.0 Dodging
 - Level 2.6 Stealth
 - Level 3.5 Shields
 - Level 13.0 Unarmed Combat
 - Level 15.2 Spellcasting
 - Level 19.0 Conjurations
 - Level 4.0 Hexes
 - Level 5.0 Summonings
 - Level 1.0 Translocations
 - Level 14.5 Transmutations
 O Level 27 Air Magic


You had 12 spell levels left.
You knew the following spells:

 Your Spells              Type           Power      Damage    Failure   Level
a - Wereblood             Tmut           100%       N/A       0%          2
b - Irradiate             Conj/Tmut      62%        3d32      0%          5
c - Fulminant Prism       Conj/Hex       53%        3d22      1%          4
d - Summon Lightning Spi  Summ/Air       100%       N/A       0%          4
e - Chain Lightning       Conj/Air       83%        3d110     1%          9
f - Airstrike             Air            87%        2d(13-29) 0%          4
g - Storm Form            Tmut/Air       80%        N/A       1%          7
h - Blink                 Tloc           100%       N/A       1%          2
j - Spellforged Servitor  Conj/Summ      54%        N/A       1%          7

Your spell library contained the following spells:

 Spells                   Type           Power      Damage    Failure   Level
 Fire Storm               Conj/Fire      49%        8d13      83%         9
 Shatter                  Erth           21%        3d19*     100%        9
 Kiss of Death            Conj/Necr      100%       2d13      0%          1
 Magic Dart               Conj           100%       1d8       0%          1
 Cigotuvi's Dreadful Rot  Necr/Pois/Air  100%       N/A       0%          2
 Poisonous Vapours        Pois/Air       100%       N/A       0%          2
 Searing Ray              Conj           100%       2d8       0%          2
 Dazzling Flash           Conj/Hex       100%       N/A       0%          3
 Hailstorm                Conj/Ice       99%        3d19      0%          3
 Kindle Blastsparks       Fire/Tloc/Air  100%       2d18      0%          3
 Stone Arrow              Conj/Erth      100%       3d13      0%          3
 Freezing Cloud           Conj/Ice/Air   72%        6-21      0%          5
 Iskenderun's Battlesphe  Conj           100%       2d15      0%          5
 Lightning Bolt           Conj/Air       83%        1d110     0%          5
 Silence                  Hex/Air        72%        N/A       0%          5
 Conjure Ball Lightning   Conj/Air       83%        3x3d31    0%          6
 Apportation              Tloc           100%       N/A       1%          1
 Sandblast                Erth           84%        2d18      1%          1
 Slow                     Hex            100%       N/A       1%          1
 Sting                    Tmut/Pois      100%       1d8       1%          1
 Call Imp                 Summ           78%        N/A       1%          2
 Ensorcelled Hibernation  Hex/Ice        100%       N/A       1%          2
 Passwall                 Tmut/Erth      74%        N/A       1%          2
 Confusing Touch          Hex            72%        N/A       1%          3
 Ignite Poison            Fire/Tmut/Pois 77%        N/A       1%          3
 Inner Flame              Hex/Fire       60%        N/A       1%          3
 Ozocubu's Armour         Ice            42%        N/A       1%          3
 Portal Projectile        Hex/Tloc       100%       N/A       1%          3
 Spider Form              Tmut/Pois      89%        N/A       1%          3
 Summon Guardian Golem    Hex/Summ       75%        N/A       1%          3
 Tukima's Dance           Hex            72%        N/A       1%          3
 Vampiric Draining        Necr           42%        2d9       1%          3
 Anguish                  Hex/Necr       30%        N/A       1%          4
 Cause Fear               Hex            36%        N/A       1%          4
 Flame Wave               Conj/Fire      99%        2d21      1%          4
 Ice Form                 Ice/Tmut       89%        N/A       1%          4
 Iskenderun's Mystic Bla  Conj/Tloc      100%       2d19      1%          4
 Sticky Flame             Conj/Fire      99%        2d11      1%          4
 Alistair's Intoxication  Tmut/Pois      59%        N/A       1%          5
 Blade Hands              Tmut           58%        N/A       1%          5
 Fireball                 Conj/Fire      49%        3d19      1%          5
 Summon Mana Viper        Hex/Summ       75%        N/A       1%          5
 Yara's Violent Unravell  Hex/Tmut       49%        3d19      1%          5
 Eringya's Noxious Bog    Tmut/Pois      44%        N/A       1%          6
 Iron Shot                Conj/Erth      49%        9d9       1%          6
 Starburst                Conj/Fire      49%        6d14      1%          6
 Dragon Form              Tmut           58%        N/A       1%          7
 Orb of Destruction       Conj           65%        9d15      1%          7
 Maxwell's Capacitive Co  Air            87%        ∞         1%          8
 Manifold Assault         Tloc           52%        N/A       2%          4
 Passage of Golubria      Tloc           52%        N/A       2%          4
 Summon Forest            Summ/Tloc      33%        N/A       2%          5
 Animate Dead             Necr           42%        N/A       3%          4
 Dispel Undead            Necr           42%        3d17      3%          4
 Metabolic Englaciation   Hex/Ice        30%        N/A       4%          5
 Summon Cactus Giant      Summ           39%        N/A       7%          6
 Agony                    Necr           42%        N/A       10%         5
 Borgnjor's Vile Clutch   Necr/Erth      21%        N/A       10%         5
 Lehudib's Crystal Spear  Conj/Erth      49%        10d12     13%         8
 Death Channel            Necr           21%        N/A       47%         6
 Simulacrum               Ice/Necr       21%        N/A       47%         6
 Enfeeble                 Hex            36%        N/A       50%         7
 Ozocubu's Refrigeration  Ice            21%        4d12      56%         7
 Malign Gateway           Summ/Tloc      33%        N/A       65%         7
 Necromutation            Tmut/Necr      44%        N/A       75%         8
 Discord                  Hex            36%        N/A       99%         8
 Ignition                 Fire           21%        3d8       99%         8
 Borgnjor's Revivificati  Necr           21%        N/A       100%        8
 Disjunction              Tloc           26%        N/A       100%        8
 Infestation              Necr           21%        N/A       100%        8
 Death's Door             Necr           21%        N/A       100%        9
 Dragon's Call            Summ           39%        N/A       100%        9
 Polar Vortex             Ice            21%        N/A       100%        9
 Animate Armour           Summ/Erth      Unusable   N/A       N/A         4

Dungeon Overview and Level Annotations

Branches:
Dungeon (15/15)            Temple (1/1) D:4            Lair (5/5) D:9
  Swamp (4/4) Lair:3       Spider (4/4) Lair:3        Slime (0/5) Lair:4
    Orc (2/2) D:12            Elf (3/3) Orc:2        Vaults (5/5) D:14
  Crypt (3/3) Vaults:3       Tomb (0/3) Crypt:3      Depths (4/4) D:15
    Zot (5/5) Depths:4     WizLab (visited)

Altars:
Ashenzari
Cheibriados
Dithmenos
Elyvilon
Fedhas
Gozag
Hepliaklqana
Kikubaaqudgha
Makhleb
Nemelex Xobeh
Okawaru
Qazlal
Ru
Sif Muna
Trog
Uskayaw
Vehumet
Wu Jian
Xom
Yredelemnul
Zin
The Shining One
Lugonu

Shops:
D:12 [   D:14 ?   Orc:1 =   Orc:2 *[:(   Elf:1 *   Elf:2 [   Vaults:2 (
Vaults:4 !(*   Vaults:5 [   Depths:3 ?   Depths:4 =:=

Portals:
Hell: Depths:1 Depths:3 Depths:4
Abyss: Lair:3 Depths:1 Depths:3
Pandemonium: Depths:1 Depths:2 Depths:4
Ziggurat: Depths:3

Annotations:
D:4 exclusion: phantom
Lair:3 2 transporters, Selderis's ghost, journeyman TrMo
Lair:5 1 runed translucent door
Spider:4 2 transporters, Qyphoemu's ghost, adept GnTm
Elf:2 3 runed translucent doors
Vaults:2 3 runed translucent doors, Qecvurom's ghost, adept DrRe
Crypt:3 Vv
Depths:2 exclusions: 2 hell hogs, hell knight and 1 more exclusion
Zot:2 2 transporters, exclusion: orange crystal statue
Zot:4 1 runed translucent door, Zaets's ghost, veteran SpEn


Innate Abilities, Weirdness & Mutations

You cannot wear most types of armour.
You are amphibious.
You can wear up to eight rings at the same time.
Your skin changes colour to match your surroundings (Stealth+).
Your rubbery body absorbs attacks. (AC +1, EV +1)
((You are camouflaged when in or above water. (Stealth+)))
You have tentacles for arms and can constrict up to eight enemies at once.
One of your tentacles bears a spike.
You are somewhat resistant to further mutation.
You occasionally shout uncontrollably at your foes.
You are resistant to electric shocks. (rElec)


Message History

Vehumet accepts your kill.
Your resistance to elements expires.
l - 13 potions of mutation (gained 1)
Things that are here:
a +0 dagger; a +0 robe
(D) Dungeon (T) Temple (L) Lair (S) Swamp (N) Spider Nest (M) Slime Pits (O) Orcish Mines (E) Elven Halls (V) Vaults (C) Crypt (W) Tomb (U) Depths (H) Hell (Z) Zot
Where to? (Enter - D:1 @ (x,y), ? - help)
There is a stone staircase leading up here.
You fly upwards.
There is a stone staircase leading down here.
Things that are here:
a +0 scale mail; a +0 dagger
There is a stone staircase leading up here.
You fly upwards.
There is a stone staircase leading down here.
There is a stone staircase leading up here.
You fly upwards.
A sixfirhy comes into view.
There is a stone staircase leading down here.
You batter the sixfirhy!!
The sixfirhy is severely wounded.
Your transformation is almost over.
The sixfirhy completely misses you.
You batter the sixfirhy!!
You kill the sixfirhy!
Vehumet accepts your kill.
(D) Dungeon (T) Temple (L) Lair (S) Swamp (N) Spider Nest (M) Slime Pits (O) Orcish Mines (E) Elven Halls (V) Vaults (C) Crypt (W) Tomb (U) Depths (H) Hell (Z) Zot
Where to? (Enter - D:1 @ (x,y), ? - help)
Your transformation has ended.
Your staff of air unmelds from your body.
You open the door.
There is an open door here.
There is a fountain of clear blue water here.
There is a staircase leading out of the dungeon here.
There is a fountain of clear blue water here.
You open the large door.
There is a staircase leading out of the dungeon here.
There is a fountain of clear blue water here.
There is a staircase leading out of the dungeon here.
You have escaped!

###+##........#######.#
#...........#.........#
#...............8....##
#............##...##.#
..............##.##..#
#..............#'#..##
.....#......#..#'#..##
.....#........##⌠##..#
##...#.....#..'⌠@⌠+..#
##...#.....#..##⌠##..#
.##'##.....##..#'#..##
.##.##.....##..#'#..##
.##.##.....#..##.##..##
.##.##.......##...##..#
.##.##.....#....8.^...#
....######............#
.#### ##############


There were no monsters in sight!

Vanquished Creatures
  5 dread liches
  3 ancient liches
  4 orbs of fire (Zot:5)
  Mara (Vaults:3)
  Sojobo (Crypt:1)
  A pandemonium lord (Zot:1)
  Margery (Crypt:1)
  Bai Suzhen (Crypt:3)
  3 Killer Klowns (Zot:5)
  2 curse toes (Zot:5)
  Xtahua (Vaults:3)
  Nikola (Spider:4)
  6 golden dragons
  2 bone dragons
  2 electric golems (Zot:5)
  11 tentacled monstrosities
  4 hellephants (Depths:3)
  Jorgrun (D:14)
  4 titans
  2 deep elf blademasters (Elf:3)
  25 Orb Guardians (Zot:5)
  2 deep elf master archers (Elf:3)
  4 quicksilver dragons
  5 liches
  A moon troll (WizLab)
  Asterion (Depths:2)
  An Executioner (Zot:3)
  6 ancient champions
  13 death cobs
  7 tentacled starspawn (WizLab)
  6 sphinxes
  Kirke (Spider:4)
  13 storm dragons
  6 tengu reavers
  14 shadow dragons
  16 draconian monks
  2 emperor scorpions (Spider:4)
  8 fire giants
  A revenant (Crypt:2)
  3 deep elf sorcerers
  5 draconian knights
  10 ghost moths
  A balrug (Depths:1)
  2 draconian scorchers
  An iron dragon (Vaults:5)
  8 frost giants
  18 vault wardens
  4 curse skulls
  3 orc warlords
  2 deep elf elementalists (Elf:3)
  9 ghouls
  A reaper (Depths:2)
  6 draconian shifters
  4 broodmothers
  9 draconian stormcallers
  21 stone giants
  A spriggan defender (Depths:4)
  2 cacodemons (WizLab)
  26 very ugly things
  9 ironbound preservers
  2 war gargoyles (Vaults:5)
  7 ironbound thunderhulks
  5 vampire knights
  A draconian annihilator (Zot:5)
  15 green draconians
  A lorocyproca (D:15)
  15 dire elephants
  10 deep elf demonologists
  4 deep elf annihilators
  2 bunyips (Swamp:3)
  5 spark wasps
  4 eleionomae
  19 yellow draconians
  8 black draconians
  20 purple draconians
  11 white draconians
  8 red draconians
  4 eidola
  2 blizzard demons
  19 ettins
  An acid blob zombie (Crypt:1)
  5 deep elf high priests
  A merfolk javelineer (Depths:3)
  3 crystal guardians
  12 fire dragons
  11 yaktaur captains
  14 deep elf death magi
  A merfolk impaler (Depths:1)
  10 entropy weavers
  6 jiangshi
  A quicksilver dragon skeleton (Crypt:3)
  12 great orbs of eyes
  7 ice dragons
  3 rakshasas
  A spriggan zombie (Crypt:3)
  31 vault guards
  13 hydras
  4 spriggan air magi (Depths:4)
  A catoblepas (Lair:5)
  5 radroaches
  A jorogumo (Spider:4)
  An ogre mage (Depths:3)
  A peacekeeper (Vaults:2)
  6 alligators
  3 death knights
  6 ironbound frosthearts
  6 two-headed ogres
  5 centaur warriors
  15 dancing weapons
  12 deep troll shamans
  3 boulder beetles
  9 vampire magi
  A quicksilver ooze zombie (Crypt:2)
  8 hell hogs (Depths:3)
  11 deep troll earth magi
  5 death yaks (Depths:3)
  An orc high priest (Orc:2)
  30 hell knights
  A tengu warrior (D:15)
  5 soul eaters
  2 wretched stars (WizLab)
  A skyshark (Lair:2)
  6 pharaoh ants
  10 deep elf knights
  2 sixfirhies
  4 titan skeletons
  3 sun demons
  11 iron trolls
  3 shadow wraiths
  A goliath frog (Swamp:4)
  2 fire crabs (Swamp:4)
  28 skeletal warriors
  A sun moth (Spider:3)
  4 swamp dragons
  46 deep trolls
  A ghost moth zombie (Crypt:3)
  A death drake (shapeshifter) (Vaults:5)
  A shadow demon (Depths:4)
  6 orb spiders
  3 spriggan druids (Swamp:4)
  2 glowing orange brains (WizLab)
  7 deep elf archers
  An orb spider (shapeshifter) (Vaults:5)
  9 orc knights
  An orange crystal statue (WizLab)
  2 bunyip skeletons
  7 flayed ghosts
  A steelbarb worm (shapeshifter) (Vaults:3)
  10 lindwurms
  9 necromancers
  2 bog bodies
  20 ironbound convokers
  2 steelbarb worms
  A wolf spider (shapeshifter) (Vaults:5)
  21 deep elf zephyrmancers
  15 wizards
  23 deep elf pyromancers
  4 phantasmal warriors
  7 orc sorcerers
  17 wolf spiders
  2 manticores
  37 ugly things
  2 will-o-the-wisps
  5 cyclopes
  40 moths of wrath
  A manticore (shapeshifter) (Vaults:5)
  8 elephants
  2 centaur zombies
  3 black mambas
  2 rust devils
  2 stone giant skeletons (Crypt:3)
  6 demonic crawlers
  5 smoke demons (Depths:2)
  3 torpor snails
  21 vault sentinels
  3 eyes of devastation (WizLab)
  3 orange demons
  4 centaur skeletons
  A shock serpent skeleton (Crypt:2)
  5 cane toads
  A titan simulacrum (Crypt:3)
  A white draconian zombie (Crypt:1)
  2 unseen horrors
  A rime drake (Lair:4)
  46 yaktaurs
  6 freezing wraiths
  A mana viper zombie (Crypt:1)
  An orb spider zombie (Crypt:3)
  3 komodo dragons
  2 ice devils
  5 red devils (Depths:2)
  2 hellwings
  5 polar bears
  4 trolls
  10 tyrant leeches
  3 meliai (Spider:1)
  25 tarantellas
  9 hornets
  2 raiju
  5 blink frogs (Lair:5)
  A dream sheep (Lair:5)
  20 slime creatures
  25 culicivoras
  3 shadows
  20 yaks
  3 air elementals
  A ynoxinul (Depths:1)
  A yak (shapeshifter) (Vaults:5)
  2 flying skulls (Crypt:3)
  An ice dragon skeleton (Crypt:2)
  9 spriggans
  39 jumping spiders
  10 water elementals
  8 wraiths
  4 wyverns
  A hog (Spider:4)
  2 fire elementals
  A basilisk (D:15)
  9 golden eyes (WizLab)
  13 starcursed masses (WizLab)
  Grum (D:9)
  5 vampires
  A human (D:14)
  A tyrant leech zombie (Crypt:2)
  7 neqoxecs
  41 redbacks
  2 wargs
  2 steam dragons (Swamp:4)
  5 chaos spawn
  7 vampire mosquitoes
  8 swamp worms
  A water nymph zombie (Crypt:1)
  10 hell hounds (Lair:5)
  An acid dragon (D:9)
  3 water moccasins
  A floating eye (Depths:1)
  A floating eye (shapeshifter) (Vaults:5)
  Duvessa (D:4)
  13 orc warriors
  7 black bears
  2 large abominations (Zot:3)
  A black mamba simulacrum (Crypt:3)
  A sky beast (D:7)
  8 swamp drakes (Swamp:4)
  6 ogres
  16 wolves
  A blink frog zombie (Crypt:1)
  5 centaurs
  A boggart (D:10)
  An elephant skeleton (Crypt:1)
  2 phantoms
  A kobold brigand (D:8)
  7 bullfrogs
  A yaktaur zombie (Crypt:3)
  An elf skeleton (Crypt:1)
  2 necrophages
  A draconian skeleton (Crypt:1)
  A gnoll sergeant (D:7)
  2 scorpions
  An earth elemental (Elf:1)
  Dowan (D:4)
  5 killer bees (D:7)
  7 howler monkeys
  3 electric eels
  7 hounds
  3 gnoll boudas
  A jelly (D:5)
  7 orc priests
  6 iguanas
  10 orc wizards
  A sleepcap (D:6)
  An acid dragon zombie (Crypt:2)
  18 gnolls
  6 adders
  A howler monkey skeleton (Crypt:2)
  A shadow imp (D:6)
  A swamp drake skeleton (Crypt:1)
  3 white imps
  An iguana zombie (Crypt:3)
  A worm (D:2)
  2 dart slugs
  68 orcs
  7 ball pythons
  4 bats
  4 endoplasms
  3 giant cockroaches
  7 goblins
  3 hobgoblins
  4 quokkas
  A frilled lizard (D:3)
  9 kobolds
  5 rats
  A fire vortex (Depths:2)
  6 starspawn tentacles (WizLab)
1913 creatures vanquished.

Vanquished Creatures (collateral kills)
  A juggernaut (Depths:3)
  A lich (Depths:4)
  An emperor scorpion (Spider:3)
  A ghost moth (Spider:4)
  Louise (D:15)
  A vampire knight (Crypt:1)
  A bunyip (Swamp:3)
  An ettin (Depths:3)
  A fire dragon (Depths:4)
  A vault guard (D:14)
  6 hydras
  A catoblepas (Lair:4)
  2 two-headed ogres
  2 radroaches (Spider:3)
  2 boulder beetles
  7 death yaks
  An alligator (Swamp:1)
  An orc high priest (Orc:2)
  Urug (Orc:1)
  A hell knight (Depths:4)
  2 pharaoh ants
  3 skeletal warriors
  A sun moth (Spider:3)
  2 spriggan druids
  A deep troll (Depths:4)
  A goliath frog (Swamp:3)
  2 wizards
  5 swamp dragons
  An ironbound convoker (Vaults:1)
  3 necromancers
  A deep elf pyromancer (D:14)
  2 wolf spiders
  An orc knight (Orc:2)
  3 ugly things
  3 orc sorcerers
  A cyclops (D:12)
  An elephant (Lair:5)
  A moth of wrath (Spider:4)
  A demonic crawler (Lair:3)
  10 cane toads
  4 torpor snails (Lair:5)
  3 rime drakes (Lair:4)
  A gargoyle (D:13)
  A freezing wraith (D:14)
  4 komodo dragons
  2 yaktaurs
  A meliai (shapeshifter) (D:14)
  A troll (D:13)
  5 hornets
  10 polar bears
  2 tyrant leeches
  A tarantella (Spider:4)
  2 blink frogs (Lair:5)
  5 dream sheep
  A slime creature (D:14)
  2 spriggans
  6 jumping spiders
  3 wraiths
  3 wyverns
  2 basilisks (Lair:5)
  19 humans (D:14)
  9 yaks
  3 redbacks
  2 hogs (Spider:4)
  5 wargs
  6 vampire mosquitoes
  5 swamp worms
  13 water moccasins
  6 hell hounds (Lair:5)
  6 black bears (Lair:5)
  16 orc warriors
  14 wolves
  A centaur (D:13)
  7 bullfrogs
  3 orc priests
  An iguana (Lair:3)
  6 orc wizards
  2 gnolls (Orc:1)
  14 orcs
276 creatures vanquished.

Vanquished Creatures (others)
  A fire giant (Depths:3)
  An alligator (Swamp:2)
  2 deep elf knights
  2 swamp dragons (Swamp:4)
  2 deep elf zephyrmancers
  2 bloated husks
  3 swamp drakes (Swamp:4)
  An orc (D:8)
  3 demonic plants (WizLab)
  4 foxfires (Swamp:4)
  232 fulminant prisms
  97 fungi
  122 plants
  4 starspawn tentacles (WizLab)
476 creatures vanquished.

Grand Total: 2665 creatures vanquished

Notes
Turn   | Place    | Note
-------+----------+-------------------------------------------
     0 | D:1      | bakla the Octopode Conjurer began the quest for the Orb.
     0 | D:1      | Reached XP level 1. HP: 11/11 MP: 3/3
   167 | D:1      | Reached XP level 2. HP: 18/18 MP: 3/5
   517 | D:1      | Learned a level 2 spell: Searing Ray
   668 | D:1      | Reached skill level 1 in Fighting
   928 | D:1      | Reached XP level 3. HP: 23/23 MP: 0/6
  1315 | D:2      | Found an iron altar of Okawaru.
  2319 | D:3      | Found a blossoming altar of Fedhas.
  2581 | D:3      | Reached XP level 4. HP: 28/28 MP: 1/7
  2930 | D:3      | Reached XP level 5. HP: 13/34 MP: 0/9
  3390 | D:4      | Noticed a phantom
  3465 | D:4      | Found a staircase to the Ecumenical Temple.
  3472 | Temple   | Entered the Ecumenical Temple
  3682 | Temple   | Became a worshipper of Vehumet
  3803 | D:4      | Found an opulent altar of Gozag.
  3803 | D:4      | Found a sparkling altar of Nemelex Xobeh.
  3816 | D:4      | Found an iron altar of Okawaru.
  3841 | D:4      | Noticed a phantom
  3851 | D:4      | Killed a phantom
  3961 | D:4      | Reached XP level 6. HP: 41/41 MP: 4/10
  4043 | D:4      | Noticed Dowan
  4297 | D:4      | Noticed Duvessa
  4346 | D:5      | Entered Level 5 of the Dungeon
  4362 | D:5      | Reached skill level 5 in Conjurations
  5251 | D:5      | Reached XP level 7. HP: 33/46 MP: 3/12
  5560 | D:5      | Reached * piety under Vehumet
  5560 | D:5      | Offered knowledge of Kiss of Death by Vehumet.
  5915 | D:5      | Found a burning altar of Makhleb.
  5915 | D:5      | Found an ornate altar of the Wu Jian Council.
  5926 | D:5      | Found a stormy altar of Qazlal.
  6188 | D:5      | Found a sacrificial altar of Ru.
  6473 | D:5      | Noticed a hornet
  6703 | D:6      | Reached skill level 1 in Hexes
  7007 | D:6      | Reached XP level 8. HP: 54/54 MP: 9/14
  7045 | D:6      | Learned a level 4 spell: Fulminant Prism
  7603 | D:6      | Reached skill level 5 in Dodging
  8206 | D:6      | Found a hide-covered altar of Uskayaw.
  8368 | D:7      | Found a glowing golden altar of the Shining One.
  8691 | D:7      | Offered knowledge of Poisonous Vapours by Vehumet.
  8692 | D:7      | Reached skill level 5 in Spellcasting
  8760 | D:7      | Reached ** piety under Vehumet
  8771 | D:7      | Reached skill level 5 in Fighting
  8912 | D:7      | Reached XP level 9. HP: 51/61 MP: 10/16
 10739 | D:8      | Offered knowledge of Scorch by Vehumet.
 11031 | D:8      | Reached *** piety under Vehumet
 11450 | D:9      | Learned a level 4 spell: Summon Lightning Spire
 11455 | D:9      | Learned a level 4 spell: Iskenderun's Mystic Blast
 11471 | D:9      | Reached skill level 1 in Summonings
 11471 | D:9      | Reached skill level 1 in Air Magic
 11591 | D:9      | Reached skill level 2 in Air Magic
 11765 | D:9      | Reached XP level 10. HP: 40/69 MP: 8/19
 11955 | D:9      | Offered knowledge of Airstrike by Vehumet.
 12043 | D:9      | Noticed Grum
 12067 | D:9      | Reached skill level 3 in Air Magic
 12069 | D:9      | Killed Grum
 12421 | D:9      | Paralysed by a hornet for 3 turns
 13148 | D:9      | Reached skill level 4 in Air Magic
 13234 | D:9      | Found a staircase to the Lair.
 13726 | D:10     | Entered Level 10 of the Dungeon
 14661 | D:9      | Learned a level 4 spell: Airstrike
 14796 | D:10     | Noticed a boulder beetle
 14810 | D:10     | Found a bloodstained altar of Trog.
 14854 | D:10     | Found a shadowy altar of Dithmenos.
 14932 | D:10     | Noticed a two-headed ogre
 14943 | D:10     | Killed a two-headed ogre
 14944 | D:10     | Reached XP level 11. HP: 77/77 MP: 6/20
 15307 | Lair:1   | Entered Level 1 of the Lair of Beasts
 15414 | Lair:1   | Reached skill level 5 in Air Magic
 15803 | Lair:1   | Reached skill level 5 in Summonings
 17071 | Lair:2   | Reached skill level 1 in Shields
 17196 | Lair:2   | Reached **** piety under Vehumet
 17215 | Lair:2   | Reached skill level 1 in Translocations
 17334 | Lair:2   | Offered knowledge of Lee's Rapid Deconstruction by Vehumet.
 17347 | Lair:2   | Reached skill level 1 in Transmutations
 17610 | Lair:2   | Reached skill level 6 in Air Magic
 17983 | Lair:2   | Identified a scroll of acquirement
 17983 | Lair:2   | Acquired a staff of air
 18246 | Lair:2   | Noticed a skyshark
 18467 | Lair:3   | Found a transporter.
 18508 | Lair:3   | Found a one-way gate to the infinite horrors of the Abyss.
 18508 | Lair:3   | Noticed Selderis's ghost (journeyman TrMo)
 18511 | Lair:3   | Noticed a sixfirhy
 18551 | Lair:3   | Noticed a rakshasa
 18678 | Lair:3   | Reached XP level 12. HP: 26/84 MP: 18/23
 18968 | Lair:3   | Found a hole to the Spider Nest.
 20178 | Lair:2   | Killed a skyshark
 20636 | Lair:3   | Found a transporter.
 20641 | Lair:3   | Noticed a purple very ugly thing
 20687 | Lair:3   | Found a staircase to the Swamp.
 20846 | Lair:3   | Reached skill level 7 in Air Magic
 21324 | Lair:4   | Identified the ring of Riloigg {rC+ rN+ SInv}
 21358 | Lair:4   | Noticed a seven-headed hydra
 21471 | Lair:4   | Killed a seven-headed hydra
 21818 | Lair:4   | Acquired 640 gold pieces
 21979 | Lair:4   | Reached skill level 10 in Dodging
 22249 | Lair:4   | Found a staircase to the Slime Pits.
 22345 | Lair:4   | Noticed a death yak
 22345 | Lair:4   | Noticed a death yak
 22392 | Lair:4   | Noticed a death yak
 22412 | Lair:4   | Reached skill level 10 in Fighting
 22416 | Lair:4   | Killed a death yak
 22417 | Lair:4   | Reached skill level 5 in Transmutations
 22417 | Lair:4   | Reached skill level 8 in Air Magic
 22429 | Lair:4   | Noticed a death yak
 22442 | Lair:4   | Killed a death yak
 22445 | Lair:4   | Killed a death yak
 22446 | Lair:4   | Reached XP level 13. HP: 92/92 MP: 9/25
 23703 | Lair:4   | Reached skill level 9 in Air Magic
 24579 | Lair:5   | Entered Level 5 of the Lair of Beasts
 24588 | Lair:5   | Learned a level 7 spell: Storm Form
 25620 | D:10     | Reached skill level 10 in Air Magic
 25878 | D:10     | Identified the +7 arbalest of Xoxautt {penet, rF++ Dex-4}
 26280 | D:11     | You fall into a shaft and drop 1 floor!
 26571 | D:12     | Reached ***** piety under Vehumet
 26636 | D:12     | Found a staircase to the Orcish Mines.
 26645 | D:12     | Offered knowledge of Lightning Bolt by Vehumet.
 26684 | D:12     | Found Mihiorev's Armour Shoppe.
 27443 | Orc:1    | Entered Level 1 of the Orcish Mines
 27456 | Orc:1    | Noticed Urug
 27466 | Orc:1    | Killed Urug
 27702 | Orc:2    | Entered Level 2 of the Orcish Mines
 28044 | D:13     | Reached XP level 14. HP: 43/99 MP: 21/27
 29008 | D:13     | Learned a level 5 spell: Lightning Bolt
 29168 | D:14     | Noticed Jorgrun
 29373 | D:11     | Got the Folio of the Enchanting Coward
 31218 | Lair:4   | Reached skill level 11 in Air Magic
 32880 | Lair:5   | Found a runed translucent door.
 32946 | Lair:5   | Reached skill level 10 in Spellcasting
 34083 | Lair:5   | Reached skill level 10 in Transmutations
 35730 | Lair:5   | Reached skill level 12 in Air Magic
 36309 | Lair:5   | Reached XP level 15. HP: 108/108 MP: 29/29
 36361 | Lair:5   | Identified the +2 leather armour "Wiqi" {Harm Str+2 Int+4
                  | Dex-5}
 37413 | Orc:2    | Paralysed by an orc sorcerer for 3 turns
 37704 | D:14     | Killed Jorgrun
 38120 | D:14     | Found Naukaxt's Magic Scroll Boutique.
 38129 | D:14     | Bought a scroll of fog for 60 gold pieces
 38129 | D:14     | Bought a scroll of butterflies for 60 gold pieces
 38129 | D:14     | Bought 2 scrolls of teleportation for 90 gold pieces
 38129 | D:14     | Bought a scroll of magic mapping for 112 gold pieces
 38601 | D:14     | Reached skill level 13 in Air Magic
 39001 | D:14     | Found a gate to the Vaults.
 39815 | D:15     | Entered Level 15 of the Dungeon
 39815 | D:15     | Noticed Louise
 40184 | Orc:2    | Noticed an orc warlord
 40189 | Orc:2    | Offered knowledge of Starburst by Vehumet.
 40206 | Orc:2    | Killed an orc warlord
 40928 | Orc:2    | Found Gexejaxt's General Store.
 41107 | Orc:2    | Bought a potion of curing for 54 gold pieces
 41121 | Orc:2    | Found Zoaggukh's Antique Armour Shoppe.
 41155 | Orc:2    | Found a staircase to the Elven Halls.
 41302 | Orc:2    | Found Oqezoch's Antique Weapon Boutique.
 41401 | Orc:2    | Found Limuj's Book Boutique.
 41938 | Orc:1    | Found Wiysuomi's Jewellery Emporium.
 42139 | Orc:1    | Bought an amulet of regeneration for 360 gold pieces
 42139 | Orc:1    | Bought a ring of willpower for 300 gold pieces
 42139 | Orc:1    | Bought a +6 ring of dexterity for 432 gold pieces
 42469 | Swamp:1  | Entered Level 1 of the Swamp
 42725 | Swamp:1  | Reached skill level 14 in Air Magic
 44005 | Swamp:2  | Offered knowledge of Arcjolt by Vehumet.
 44671 | Swamp:2  | Reached XP level 16. HP: 114/114 MP: 18/30
 44879 | Swamp:2  | Noticed a tentacled monstrosity
 44888 | Swamp:2  | Killed a tentacled monstrosity
 45043 | Swamp:2  | Identified the +5 falchion of Destiny {elec, rC+ Int+4}
 46311 | Swamp:4  | Entered Level 4 of the Swamp
 46642 | Swamp:4  | Reached skill level 15 in Air Magic
 46768 | Swamp:4  | Got a decaying rune of Zot
 46884 | Swamp:4  | Offered knowledge of Spellforged Servitor by Vehumet.
 47702 | D:15     | Killed Louise
 47982 | D:15     | Reached XP level 17. HP: 79/119 MP: 33/33
 48244 | D:15     | Acquired Sif Muna's Precepts of the Voltaic Escort
 48586 | D:15     | Found a staircase to the Depths.
 49164 | Spider:1 | Entered Level 1 of the Spider Nest
 49425 | Spider:1 | Reached ****** piety under Vehumet
 49669 | Orc:2    | Bought Niata's Meditations on the Faeries and
                  | Transmigration for 560 gold pieces
 49674 | Orc:2    | Learned a level 2 spell: Wereblood
 49682 | Orc:2    | Learned a level 7 spell: Spellforged Servitor
 50496 | Spider:1 | Reached skill level 1 in Unarmed Combat
 50838 | Spider:2 | Offered knowledge of Irradiate by Vehumet.
 51999 | D:14     | Bought a scroll of amnesia for 60 gold pieces
 52006 | D:14     | Learned a level 5 spell: Irradiate
 52777 | Spider:3 | Reached XP level 18. HP: 125/130 MP: 2/34
 53049 | Spider:3 | Reached skill level 5 in Unarmed Combat
 53100 | Spider:3 | Offered knowledge of Iron Shot by Vehumet.
 53498 | Spider:4 | Entered Level 4 of the Spider Nest
 53501 | Spider:4 | Noticed Kirke
 53518 | Spider:4 | Killed Kirke
 54763 | Spider:4 | Got a gossamer rune of Zot
 55006 | Spider:4 | Noticed Nikola
 55011 | Spider:4 | Killed Nikola
 55288 | Spider:4 | Noticed Qyphoemu's ghost (adept GnTm)
 55296 | Spider:4 | Found a transporter.
 55312 | Spider:4 | Found a transporter.
 55652 | Elf:1    | Entered Level 1 of the Elven Halls
 55830 | Elf:1    | Found Etsejat's General Store.
 55839 | Elf:1    | Bought a +6 ring of intelligence for 684 gold pieces
 56161 | Elf:1    | Reached skill level 15 in Fighting
 56273 | Elf:1    | Offered knowledge of Lehudib's Crystal Spear by Vehumet.
 56752 | Elf:1    | Identified the +7 spear "Plojy" {protect, rPois Str-3
                  | Int+6}
 57055 | Elf:2    | Reached XP level 19. HP: 128/139 MP: 35/35
 57072 | Elf:2    | Found Wocavvuff's Armour Boutique.
 57409 | Elf:2    | Found a runed translucent gate.
 57409 | Elf:2    | Found a runed translucent gate.
 57409 | Elf:2    | Found a runed translucent gate.
 57487 | Elf:3    | Entered Level 3 of the Elven Halls
 58188 | Elf:3    | Noticed a Brimstone Fiend
 58752 | Elf:3    | Noticed a Brimstone Fiend
 58795 | Elf:3    | Noticed a Brimstone Fiend
 58852 | Elf:3    | Identified the +1 ring mail of Rationality {rF++ Str+5}
 58888 | Elf:3    | Reached skill level 15 in Spellcasting
 58968 | Elf:3    | Identified the +2 dagger of Xauschoarr {heavy, rC+ Str+2}
 58980 | Elf:3    | Identified the +9 great sword of Ru's Respect {elec, rElec
                  | rN+ Dex+4}
 59005 | Elf:3    | Got Oriuse's Volume of Envenoming
 59009 | Elf:3    | Got the Collected Works on Sinister Rituals and the Wyrd
 59955 | Vaults:1 | Entered Level 1 of the Vaults
 60259 | Vaults:1 | Offered knowledge of Lehudib's Crystal Spear by Vehumet.
 60259 | Vaults:1 | Offered knowledge of Fire Storm by Vehumet.
 60259 | Vaults:1 | Offered knowledge of Shatter by Vehumet.
 61011 | Vaults:1 | Reached XP level 20. HP: 117/147 MP: 37/39
 61042 | Vaults:1 | Reached skill level 15 in Dodging
 61685 | Vaults:2 | Found Ytacu's Antique Weapon Emporium.
 62000 | Vaults:2 | Found a runed translucent gate.
 62000 | Vaults:2 | Found a runed translucent gate.
 62000 | Vaults:2 | Found a runed translucent gate.
 62002 | Vaults:2 | Noticed Qecvurom's ghost (adept DrRe)
 63028 | Vaults:3 | Noticed Xtahua
 63117 | Vaults:3 | Reached XP level 21. HP: 158/158 MP: 40/40
 63151 | Vaults:3 | Found a staircase to the Crypt.
 63392 | Vaults:3 | Noticed Mara
 63403 | Vaults:3 | Killed Mara
 63707 | Vaults:3 | Reached XP level 22. HP: 157/165 MP: 41/41
 63765 | Vaults:3 | Killed Xtahua
 63765 | Vaults:3 | Paralysed by a great orb of eyes for 3 turns
 63922 | Vaults:3 | Identified the amulet "Osiwae" {Acrobat Dex+5}
 64064 | Vaults:4 | Found Maddirr's Distillery.
 64064 | Vaults:4 | Found Baorol's Weapon Shop.
 64071 | Vaults:4 | Bought a potion of heal wounds for 95 gold pieces
 64071 | Vaults:4 | Bought a potion of mutation for 152 gold pieces
 64071 | Vaults:4 | Bought a potion of ambrosia for 152 gold pieces
 64098 | Vaults:4 | Bought 5 curare-tipped darts for 114 gold pieces
 64164 | Vaults:4 | Found Manawk's Assorted Antiques.
 65143 | Crypt:1  | Entered Level 1 of the Crypt
 65144 | Crypt:1  | Noticed Sojobo
 65156 | Crypt:1  | Killed Sojobo
 65501 | Crypt:1  | Reached skill level 10 in Unarmed Combat
 65715 | Crypt:1  | Paralysed by a vampire knight for 2 turns
 65952 | Crypt:1  | Noticed Margery
 65973 | Crypt:1  | Killed Margery
 67598 | Crypt:2  | Identified the +5 whip of the Boiling Point {venom, rPois}
 67736 | Crypt:2  | Found a basalt altar of Yredelemnul.
 67914 | Crypt:2  | Reached XP level 23. HP: 174/174 MP: 42/42
 67919 | Crypt:3  | Entered Level 3 of the Crypt
 67952 | Crypt:3  | Noticed Bai Suzhen
 67967 | Crypt:3  | Killed Bai Suzhen
 67989 | Crypt:3  | Noticed Vv
 68273 | Crypt:3  | Found a magical portal.
 68279 | WizLab   | Entered Lehudib's Moon Base
 68303 | WizLab   | Found a transporter.
 68359 | WizLab   | Gained mutation: You occasionally shout uncontrollably at
                  | your foes. [a neqoxec]
 68569 | WizLab   | Found a transporter.
 68635 | WizLab   | Gained mutation: One of your tentacles bears a spike. [a
                  | neqoxec]
 68704 | WizLab   | Reached skill level 10 in Conjurations
 68874 | WizLab   | Identified the ring "Buasun" {+Blink rPois Dex+2}
 69314 | WizLab   | Identified the +5 battleaxe "Sarcophage" {speed, Dex+3}
 69532 | Crypt:3  | Learned a level 9 spell: Chain Lightning
 69992 | Depths:1 | Entered Level 1 of the Depths
 70528 | Orc:1    | Bought a ring of fire for 300 gold pieces
 70841 | Depths:1 | Found a gateway to Hell.
 71125 | Depths:1 | Reached skill level 16 in Air Magic
 71672 | Depths:1 | Found a one-way gate leading to the halls of Pandemonium.
 71680 | Depths:1 | Reached XP level 24. HP: 107/180 MP: 42/42
 72717 | Depths:2 | Noticed Asterion
 72725 | Depths:2 | Killed Asterion
 72726 | Depths:2 | Reached skill level 17 in Air Magic
 73577 | Depths:3 | Found Jimmeuse's Magic Scroll Boutique.
 73586 | Depths:3 | Bought a scroll of fear for 60 gold pieces
 73737 | Depths:3 | Noticed a juggernaut
 73749 | Depths:3 | Killed a juggernaut
 73751 | Depths:3 | Reached skill level 18 in Air Magic
 73789 | Depths:3 | Identified the +5 spear "Inuzek" {holy, MP+9 Stlth+}
 73795 | Depths:3 | Identified the +6 glaive of Xom's Esteem {antimagic, *Slow
                  | rC+ rN+}
 73814 | Depths:3 | Identified the ring of the Invisible Hand {rF+ rN+ rCorr
                  | Dex+2 SInv}
 73926 | Depths:3 | Found a one-way gateway to a ziggurat.
 74099 | Depths:3 | Reached skill level 15 in Conjurations
 74350 | Depths:3 | Reached XP level 25. HP: 132/186 MP: 42/42
 74620 | Depths:4 | Entered Level 4 of the Depths
 74693 | Depths:4 | Reached skill level 19 in Air Magic
 75056 | Depths:4 | Found Qigifeox's Jewellery Shoppe.
 75056 | Depths:4 | Found Sasis's Book Shop.
 75057 | Depths:4 | Found Cyganorch's Jewellery Shoppe.
 75062 | Depths:4 | Bought the amulet of Vitality {RegenMP++ Regen++} for 1800
                  | gold pieces
 75062 | Depths:4 | Found the amulet of Vitality {RegenMP++ Regen++}
 75078 | Depths:4 | Bought the ring "Gozuv Boo" {rN+ Will+ Int+4 Dex-3 Stlth+}
                  | for 739 gold pieces
 75264 | Depths:4 | Found a gate to the Realm of Zot.
 75513 | Depths:4 | Learned a level 2 spell: Blink
 75953 | Vaults:5 | Entered Level 5 of the Vaults
 75954 | Vaults:5 | Noticed an ancient lich
 75959 | Vaults:5 | Noticed a dread lich
 76000 | Vaults:5 | Killed a dread lich
 76002 | Vaults:5 | Killed an ancient lich
 76032 | Vaults:5 | Noticed a dread lich
 76060 | Vaults:5 | Killed a dread lich
 76061 | Vaults:5 | Reached XP level 26. HP: 114/193 MP: 31/42
 76140 | Vaults:5 | Reached skill level 20 in Air Magic
 76176 | Vaults:5 | Identified the ring "Vewiq" {rC- Will+ Dex+8 Stlth+}
 76355 | Vaults:5 | Identified the +9 executioner's axe of the Winnowing Seeker
                  | {protect, Fragile rElec rF+ Str+3}
 76489 | Vaults:5 | Identified the ring of Segremau {rC+ Will++ Str-3 Int+4}
 76622 | Vaults:5 | Found Vopnis's Armour Boutique.
 76622 | Vaults:5 | Identified the +7 mace of Sulypnof {elec, Str+2 Dex+3}
 76629 | Vaults:5 | Identified the amulet "Wowewipn" {Reflect Dex+2 SH+5}
 76640 | Vaults:5 | Identified the amulet of Odwaererr {Spirit Str+2}
 76776 | Vaults:5 | Identified the +1 robe of Cloud Cover {rC+ Int+2}
 76814 | Vaults:5 | Reached skill level 21 in Air Magic
 77107 | Vaults:5 | Identified the +2 short sword of Strategic Superiority
                  | {spect, rElec}
 77163 | Vaults:5 | Got a silver rune of Zot
 77518 | Zot:1    | Entered Level 1 of the Realm of Zot
 77761 | Zot:1    | Reached skill level 22 in Air Magic
 78041 | Zot:1    | Found a corrupted altar of Lugonu.
 78539 | Zot:1    | Reached skill level 23 in Air Magic
 78592 | Zot:1    | Got the Elucidation of the Zealot
 78856 | Zot:2    | Reached XP level 27. HP: 181/198 MP: 32/42
 79269 | Zot:2    | Found a transporter.
 79269 | Zot:2    | Found a transporter.
 79843 | Depths:4 | Bought the ring "Uvugotan" {rF+ Slay+5} for 1166 gold
                  | pieces
 80036 | Zot:3    | Reached skill level 24 in Air Magic
 80923 | Zot:4    | Found a runed translucent door.
 80923 | Zot:4    | Found a shimmering altar of Xom.
 80923 | Zot:4    | Noticed Zaets's ghost (veteran SpEn)
 81543 | Zot:5    | Entered Level 5 of the Realm of Zot
 81589 | Zot:5    | Reached skill level 25 in Air Magic
 81860 | Zot:5    | Noticed an orb of fire
 81864 | Zot:5    | Gained mutation: You are clumsy. (Dex -2) [an orb of fire]
 81865 | Zot:5    | Killed an orb of fire
 81867 | Zot:5    | Noticed an orb of fire
 81867 | Zot:5    | Noticed an orb of fire
 81867 | Zot:5    | Noticed a dread lich
 81872 | Zot:5    | Gained mutation: You are dopey. (Int -2) [an orb of fire]
 81874 | Zot:5    | Killed an orb of fire
 81877 | Zot:5    | Reached skill level 26 in Air Magic
 81885 | Zot:5    | Killed an orb of fire
 81921 | Zot:4    | Lost mutation: One of your tentacles bears a spike. [potion
                  | of mutation]
 81921 | Zot:4    | Lost mutation: You are clumsy. (Dex -2) [potion of
                  | mutation]
 81921 | Zot:4    | Lost mutation: You are dopey. (Int -2) [potion of mutation]
 81921 | Zot:4    | Gained mutation: One of your tentacles bears a spike.
                  | [potion of mutation]
 81921 | Zot:4    | Gained mutation: You are resistant to electric shocks.
                  | (rElec) [potion of mutation]
 81921 | Zot:4    | Gained mutation: You are somewhat resistant to further
                  | mutation. [potion of mutation]
 82037 | Zot:5    | Noticed an ancient lich
 82040 | Zot:5    | Killed an ancient lich
 82047 | Zot:5    | Noticed an orb of fire
 82050 | Zot:5    | Killed a dread lich
 82051 | Zot:5    | Killed an orb of fire
 82256 | Zot:5    | Noticed a dread lich
 82262 | Zot:5    | Killed a dread lich
 82369 | Zot:5    | Reached skill level 27 in Air Magic
 82406 | Zot:5    | Noticed an ancient lich
 82413 | Zot:5    | Killed an ancient lich
 82552 | Zot:5    | Noticed a dread lich
 82556 | Zot:5    | Killed a dread lich
 82838 | Zot:5    | Got the Orb of Zot
 82967 | Zot:1    | Noticed Wicsa the pandemonium lord
 82972 | Zot:1    | Killed Wicsa the pandemonium lord
 83047 | Depths:4 | Noticed Biraaqu the pandemonium lord
 83370 | D:6      | Noticed Beptoops the pandemonium lord
 83424 | D:4      | Killed Duvessa
 83436 | D:4      | Killed Dowan
 83519 | D:$      | Escaped with the Orb!

Illustrated notes

Levels and vault maps discovered:
D:1:      grunt_arrival_crossed_arrows, layout_basic, serial_forest,
          infiniplex_forest_lined_3_way, infiniplex_forest_straight_2,
          infiniplex_forest_lined_2, infiniplex_forest_lined_room_,
          infiniplex_forest_straight_4, infiniplex_forest_clump_double,
          infiniplex_forest_lined_room_2, infiniplex_forest_straight_2
D:2:      layout_loops_corners, basic_altar
D:3:      layout_basic, fedhas_altar_3
D:4:      layout_loops_ring, grunt_temple_overflow_opulence, okawaru_trees_1,
          minmay_temple_entry_statues, uniq_duvessa
D:5:      layout_basic, kennysheep_little_box, nicolae_qazlal_general_emergency,
          gammafunk_temple_overflow_wave, chequers_serial_rivers_small_a,
          supply_closet_lemuel, minmay_misc_feat_cross
D:6:      layout_cave_pods, marbit_many_paths
D:7:      layout_basic, mainiacjoe_overflow_alcove_2
D:8:      layout_cave_pools, special_room [special_room_orc],
          minmay_misc_feat_chi, lemuel_flamethrower_2
D:9:      layout_small_grid, grunt_lair_entry_orc_guard_hut, uniq_grum
D:10:     layout_loops_ring, kennysheep_mini,
          mainiacjoe_overflow_six_doors_small, minmay_evil_grid
D:11:     layout_rooms
D:12:     layout_gridville, orc_david_3
D:13:     layout_basic
D:14:     layout_basic, grunt_vaults_entry_tiered, moated_statue, serial_shops,
          shop, kennysheep_crisscross, uniq_jorgrun
D:15:     grunt_enter_depths_magical_seal, layout_irregular_city,
          minmay_misc_feat_nine_boxes, beargit_elvish_explorers, uniq_louise
Temple:   chequers_temple_sunken
Lair:1:   layout_roguey, serial_bayou_shore_a
Lair:2:   layout_regular_city, columned_hall_lemuel
Lair:3:   layout_cave_pods, minmay_swamp_entry_reptiles,
          nicolae_spider_entry_lesser_pyramids, gammafunk_ghost_abyssal_escape,
          worms_lemuel
Lair:4:   layout_layer_cave, slime_entry_1, minmay_shattered_shrine
Lair:5:   wormcave, layout_hall_layers, hangedman_lair_caniforms_friends,
          serial_bayou_shore_b
Swamp:1:  layout_basic_swamp, nicolae_swamp_very_dense_foliage
Swamp:2:  layout_falls_marsh, evilmike_swamp_ruin_house_5
Swamp:3:  layout_basic_swamp, evilmike_swamp_ruin_house_3,
          infiniplex_staircase_pool_2
Swamp:4:  swamp_fiery, layout_basic_swamp, swamp_pool3, nicolae_swamp_big_swirl
Spider:1: layout_spider_delve
Spider:2: layout_spider_delve
Spider:3: nicolae_spider_hilbert_zone_6 [nicolae_spider_hilbert_4_sides_1_open,
          nicolae_spider_hilbert_4_sides_1_open,
          nicolae_spider_hilbert_4_sides_1_open,
          nicolae_spider_hilbert_4_sides_1_open,
          nicolae_spider_hilbert_4_sides_1_open,
          nicolae_spider_hilbert_4_sides_1_open,
          nicolae_spider_hilbert_4_sides_1_open], nicolae_spider_solar_radiation
Spider:4: grunt_spider_rune_parallel, gammafunk_ghost_berserking_beasts,
          uniq_kirke, uniq_nikola
Orc:1:    layout_caves, serial_shops, shop, uniq_urug
Orc:2:    grunt_orc_gardens, layout_caves, grunt_orc_garden, grunt_orc_garden,
          grunt_orc_garden, grunt_orc_garden
Elf:1:    minmay_elf_arrival_summoners, layout_loops_corners, serial_shops,
          nicolae_shop_advertising_works [nicolae_subvault_shop_adworks],
          minmay_elf_crystal_heptagon, grunt_ministairs_7
Elf:2:    elven_hall_of_blades_hangedman_original [nicolae_blade_bullseye],
          layout_geoelf_grid, serial_shops, nicolae_square_shop,
          grunt_ministairs_14
Elf:3:    grunt_elf_hall_asides, layout_geoelf_castle, serial_sigils,
          serial_sigils_hangedman_scratch, serial_sigils_hangedman_snap,
          serial_sigils_hangedman_snap, serial_sigils_hangedman_leer
Vaults:1: ontoclasm_vaults_tryst, nicolae_vaults_network_square, v_misc_4,
          nicolae_vaults_little_squares_1, vaults_room_pools,
          grunt_vaults_hallway_short, nicolae_vaults_windows_and_doors_thing,
          hangedman_vaults_trim, layout_vaults_omnigrid
Vaults:2: gammafunk_ghost_necromancy, v_misc_1, vaults_dpeg_spiral,
          hangedman_vaults_corner_blocks, st_diamondy,
          ontoclasm_vaults_ring_large, v_alt_pattern_3, v_misc_23,
          nicolae_vaults_alarming, vaults_dpeg_hooks, vaults_room_fours,
          layout_vaults_omnicross, serial_shops, nicolae_shop_waterfront
Vaults:3: vaults_room_octagon, minmay_crypt_entry_simple_round, v_misc_12,
          v_alt_pattern_6, nicolae_vaults_twisting_passages, v_misc_5,
          vaults_room_semicircle, v_misc_32, nicolae_vaults_little_squares_2,
          ontoclasm_vaults_loading_screen, layout_vaults_maze_bifur,
          uniq_xtahua, uniq_mara
Vaults:4: hangedman_vaults_variations, nicolae_vaults_ninety_degrees,
          vaults_room_corners, hangedman_vaults_nails, v_alt_pattern_4,
          v_misc_2, vaults_room_pool, ontoclasm_vaults_spin,
          nicolae_vaults_theta, ontoclasm_vaults_twist,
          nicolae_vaults_rhombus_5, layout_vaults_ring, serial_shops,
          nicolae_shop_trees, shop, nicolae_shop_bloodbath_and_beyond
Vaults:5: serial_shops
Crypt:1:  layout_misc_corridors, minivault_27, uniq_grunn, uniq_margery,
          uniq_sojobo
Crypt:2:  layout_chaotic_city, amcnicky_mini_corridor_feature,
          weyrava_vampire_temple
Crypt:3:  david_glass_crypt, layout_rooms, tomb_entry_shell_bobbens,
          infiniplex_enter_wizlab_glasses, uniq_bai_suzhen, uniq_vv
Depths:1: layout_honeycomb, hangedman_abyss_entry_splay, serial_bayou_pond_d,
          grunt_pan_entry_in_and_out, hell_entry, water_boxes_lemuel
Depths:2: kennysheep_demon_jail, layout_gridlike, hellmouth_3,
          grunt_pan_entry_spiral, kennysheep_nondescript, uniq_asterion
Depths:3: giant_chief_lemuel, layout_cave_pools, enter_ziggurat_b, serial_shops,
          shop, grunt_hell_horde, abyss_entry, minmay_misc_feat_enclosed,
          ebering_dispersal_statue_hall
Depths:4: evilmike_zot_entry_diamond, layout_long_grid, hell_entry,
          minmay_fountain_box, rand_demon_pan_entry_9,
          hangedman_abyss_or_decor_stabs, minmay_shop_grove
Zot:1:    nicolae_zot_draconian_monastery, layout_misc_corridors,
          zot_minivault_7
Zot:2:    gammafunk_sealed_arena, layout_onion, grunt_megastairs_4
Zot:3:    layout_twisted_circle, grunt_megastairs_2
Zot:4:    kennysheep_ambush_hall, layout_gridlike, ebering_ghost_xom
Zot:5:    layout_misc_corridors

Skill      XL: |  1  2  3  4  5  6  7  8  9 10 11 12 13 14 15 16 17 18 19 20 21 22 23 24 25 26 27 |
---------------+----------------------------------------------------------------------------------+-----
Fighting       | 1 2 3 4 5 6 7 8 10 11 13 15 17 18 19 20 | 20.6
Dodging        | 3 4 5 6 8 9 10 12 13 14 16 17 18 19 | 19.0
Spellcasting   | 3 4 5 6 7 8 9 10 12 15 | 15.2
Conjurations   | 5 6 7 12 15 19 | 19.0
Hexes          | 1 3 4 |  4.0
Summonings     | 2 4 5 |  5.0
Air Magic      | 2 4 6 8 10 12 14 15 16 18 19 23 27 | 27.0
Shields        | 3 |  3.5
Translocations | 1 |  1.0
Transmutations | 2 6 8 10 13 14 | 14.5
Unarmed Combat | 4 8 11 13 | 13.0
Stealth        | |  2.6

Action                     |  1- 3 |  4- 6 |  7- 9 | 10-12 | 13-15 | 16-18 | 19-21 | 22-24 | 25-27 || total
---------------------------+-------+-------+-------+-------+-------+-------+-------+-------+-------++-------
  Melee: Dagger            |    17 |    30 |    35 |    11 |       |       |       |       |       ||    93
         Constrict         |     6 |     6 |     8 |    11 |    12 |       |       |     2 |       ||    45
         Tentacles         |     4 |    10 |    10 |    12 |    14 |       |       |     2 |     1 ||    53
         Staff             |       |       |       |    34 |    34 |       |     1 |     4 |     1 ||    74
         Punch             |       |       |       |       |     1 |    22 |    62 |   144 |    79 ||   308
         Unarmed           |       |       |       |       |       |   687 |   540 |  1099 |   546 ||  2872
         Kick              |       |       |       |       |       |       |       |     1 |       ||     1
  Throw: Dart              |       |       |     9 |       |     3 |       |       |       |       ||    12
         Throwing net      |       |       |       |     1 |       |       |       |       |       ||     1
   Cast: Magic Dart        |    64 |    50 |   168 |    46 |     9 |       |       |       |       ||   337
         Searing Ray       |     1 |    12 |    60 |    30 |    72 |       |       |       |       ||   175
         Fulminant Prism   |       |       |    10 |    72 |   148 |     2 |       |       |       ||   232
         Iskenderun's Myst |       |       |       |    11 |    42 |       |       |       |       ||    53
         Summon Lightning  |       |       |       |    53 |   210 |    56 |     8 |     8 |     2 ||   337
         Airstrike         |       |       |       |     8 |   117 |    21 |     2 |       |     2 ||   150
         Storm Form        |       |       |       |       |       |    84 |    56 |    86 |    68 ||   294
         Wereblood         |       |       |       |       |       |    20 |    30 |    46 |    22 ||   118
         Irradiate         |       |       |       |       |       |       |       |     3 |       ||     3
         Chain Lightning   |       |       |       |       |       |       |       |       |   138 ||   138
         Spellforged Servi |       |       |       |       |       |       |       |       |     1 ||     1
Ability: Blinkbolt         |       |       |       |       |       |    19 |    33 |    52 |    51 ||   155
         End Transformatio |       |       |       |       |       |     1 |       |       |       ||     1
  Evoke: Wand              |       |       |       |    18 |    11 |     3 |     1 |     2 |       ||    35
         Condenser vane    |       |       |       |       |     1 |     3 |       |     4 |     1 ||     9
         Phial of floods   |       |       |       |       |       |       |       |     1 |       ||     1
    Use: Scroll            |     8 |     1 |     8 |    15 |    17 |    12 |     3 |     5 |     9 ||    78
         Potion            |       |       |     2 |     2 |     8 |     6 |     1 |     3 |     5 ||    27
   Stab: Paralysed         |       |       |       |     4 |       |       |       |       |       ||     4
         Distracted        |       |       |       |     2 |     1 |     9 |     2 |     2 |     2 ||    18
         Betrayed ally     |       |       |       |       |     1 |       |       |       |       ||     1
         Sleeping          |       |       |       |       |       |     1 |     4 |     1 |       ||     6
 Armour: Skin              |     3 |     3 |    18 |     8 |     8 |   206 |    82 |   136 |   110 ||   574
  Dodge: Dodged            |     7 |    21 |    88 |   123 |   222 |  1162 |   704 |  1392 |   867 ||  4586
  Block: Buckler           |       |       |     2 |    20 |   101 |       |       |       |       ||   123

Table legend: (Time is in decaauts)
 A = Elapsed time spent in this place.
 B = Non-inter-level travel time spent in this place.
 C = Inter-level travel time spent in this place.
 D = Time resting spent in this place.
 E = Time spent auto-exploring this place.
 F = Levels seen in this place.
 G = Mean time per level.
                   A        B        C        D        E       F      G
               +--------+--------+--------+--------+--------+-----+--------+
         Total |  83135 |  74532 |   8603 |  26184 |  32490 |  52 | 1598.8 |
       Dungeon |  25219 |  22177 |   3042 |   7762 |  10429 |  15 | 1681.3 |
        Temple |    232 |    232 |      0 |      0 |    172 |   1 |  232.0 |
          Lair |  17933 |  15583 |   2350 |   8704 |   4222 |   5 | 3586.6 |
         Swamp |   4765 |   4583 |    182 |   1912 |   1658 |   4 | 1191.2 |
   Spider Nest |   5269 |   4982 |    287 |   2330 |   1678 |   4 | 1317.2 |
  Orcish Mines |   3408 |   3043 |    365 |   1870 |    733 |   2 | 1704.0 |
   Elven Halls |   4136 |   3857 |    279 |   1029 |   1719 |   3 | 1378.7 |
        Vaults |   7370 |   6444 |    926 |    569 |   4483 |   5 | 1474.0 |
         Crypt |   3137 |   3000 |    137 |    828 |   1103 |   3 | 1045.7 |
        Depths |   5235 |   4740 |    495 |    397 |   3165 |   4 | 1308.8 |
           Zot |   5357 |   4820 |    537 |    781 |   2624 |   5 | 1071.4 |
        Wizlab |   1071 |   1071 |      0 |      0 |    504 |   1 | 1071.0 |
               +--------+--------+--------+--------+--------+-----+--------+

Top non-repeatable levels by time:
  Lair:4: 5889 daAuts
  Lair:5: 4601 daAuts
  Lair:3: 3282 daAuts
     D:9: 2889 daAuts
    D:14: 2864 daAuts
     D:5: 2406 daAuts
  Lair:1: 2279 daAuts
    D:10: 2255 daAuts
     D:7: 2032 daAuts
Vaults:3: 2020 daAuts
Spider:3: 1920 daAuts
   Elf:1: 1886 daAuts
  Lair:2: 1881 daAuts
   Orc:1: 1766 daAuts
    D:13: 1716 daAuts
